 Dungeon Crawl Stone Soup version 0.26-a0-1126-g3318b609a0 (webtiles) character file.

Game seed: 314035521837928891

858 pablito the Zephyrmancer (level 8, 0/41 HPs)
             Began as a Tengu Air Elementalist on Dec 14, 2020.
             Was an Initiate of the Shining One.
             Slain by Grinder (3 damage)
             ... on level 5 of the Dungeon on Dec 17, 2020.
             The game lasted 00:20:24 (6597 turns).

pablito the Zephyrmancer (Tengu Air Elementalist)   Turns: 6597, Time: 00:20:24

Health: 0/41       AC:  7    Str: 10    XL:     8   Next: 2%
Magic:  9/12       EV: 15    Int: 17    God:    the Shining One [......]
Gold:   251        SH:  5    Dex: 14    Spells: 6/11 levels left

rFire    . . .     SeeInvis .   r - +0 falchion
rCold    . . .     Faith    .   (no shield)
rNeg     . . .     Spirit   .   a - +0 robe
rPois    .         Reflect  +   (helmet restricted)
rElec    .         Harm     .   h - +0 cloak
rCorr    .         Rampage  .   (no gloves)
Will     .....                  (boots unavailable)
Stlth    +.........             m - amulet of reflection
HPRegen  0.13/turn              t - +4 ring of protection
MPRegen  0.13/turn              (no ring)

@: flying quickly and evasively, glowing, quick
A: beak, talons 3, able to fly
a: Stop Flying, Renounce Religion


You were on level 5 of the Dungeon.
You worshipped the Shining One.
The Shining One was noncommittal.
You visited 1 branch of the dungeon, and saw 6 of its levels.

You collected 251 gold pieces.

Inventory:

Hand Weapons
 r - a +0 falchion (weapon)
Armour
 a - a +0 robe (worn)
 h - a +0 cloak (worn)
Jewellery
 j - an uncursed amulet of the acrobat
 m - an amulet of reflection (around neck)
 t - a +4 ring of protection (left hand)
 z - an uncursed amulet of magic regeneration
Wands
 p - a wand of flame (19)
 y - a wand of acid (10)
Scrolls
 c - a scroll of random uselessness {unknown}
 d - 6 scrolls of identify
 f - a scroll of enchant weapon {unknown}
 g - a scroll of enchant armour {unknown}
 i - 5 scrolls of remove curse {unknown}
 k - 2 scrolls of fear {unknown}
 l - 3 scrolls of magic mapping {unknown}
 n - a scroll of blinking {unknown}
 o - 2 scrolls of amnesia {unknown}
 s - 3 scrolls of immolation {unknown}
 w - 3 scrolls of teleportation {unknown}
 A - a scroll of fog {unknown}
Potions
 b - a potion of haste
 e - a potion of lignification {unknown}
 q - a potion of ambrosia {unknown}
 u - a potion of might {unknown}
 v - a potion of heal wounds {unknown}
 x - a potion of berserk rage {unknown}
 B - a potion of curing {unknown}
 C - a potion of degeneration {unknown}


   Skills:
 - Level 2.1 Dodging
 - Level 2.0 Stealth
 - Level 2.0 Spellcasting
 + Level 8.2 Conjurations
 + Level 9.0 Air Magic


You had 6 spell levels left.
You knew the following spells:

 Your Spells              Type           Power        Failure   Level
a - Shock                 Conj/Air       100%         1%          1
b - Airstrike             Air            16%          4%          4

Your spell library contained the following spells:

 Spells                   Type           Power        Failure   Level
 Swiftness                Air            32%          1%          2
 Static Discharge         Conj/Air       31%          1%          3
 Lightning Bolt           Conj/Air       15%          16%         5


Dungeon Overview and Level Annotations

Branches:
Dungeon (6/15)             Temple (0/1) D:6

Altars:
Wu Jian
The Shining One

Annotations:
D:5 Grinder
D:6 Blork the orc, Menkaure


Innate Abilities, Weirdness & Mutations

You have a beak for a mouth.
You have claws for feet.
You can fly continuously.


Message History

Press: ? - help, Q - select action, (/) - cycle Shift-Dir - straight line, f/p - Grinder
Aim: Grinder (moderately wounded, 29% to evade)
The zap hits Grinder!
Grinder is heavily wounded.
You hit Grinder. You peck Grinder.
Grinder is severely wounded.
Grinder closely misses you.
You hit Grinder. Your kick misses Grinder. Your peck misses Grinder.
Grinder is severely wounded.
You block Grinder's attack. Grinder hits you!
* * * LOW HITPOINT WARNING * * *
You writhe in agony.
* * * LOW HITPOINT WARNING * * *
Aiming: Shock (safe; 1% risk of failure)
Press: ? - help, Q - select action, (/) - cycle Shift-Dir - straight line, f/p - Grinder
Aim: Grinder (severely wounded, 29% to evade)
The zap hits Grinder but does no damage.
Grinder is severely wounded.
Grinder hits you.
You die...

...#
####...#.#..#############.##
...###..........## #..#
.<.#...........## ##.#
.............#..# #.#
........#.......## #.#
....5####........## #.#
..#### #.........### #.# ###
##...........# #.# #
#.......5@..## ##.
###.#####....# #♣ #.#
#....## # #.# ##.#..## #.#
#.#...# #.# #.##..## #.#
#.##...## #.# #.......## ##
#.# ####........# #♣.


You could see Grinder.

Vanquished Creatures
  A sky beast (D:5)
  A phantom (D:4)
  A big kobold (D:5)
  2 scorpions
  2 orc priests
  A jelly (D:4)
  A quasit (D:5)
  A hound (D:4)
  2 orc wizards
  3 worker ants
  6 adders
  2 oozes
  2 adder skeletons
  3 worms (D:2)
  2 dart slugs
  2 leopard geckos (D:1)
  19 orcs
  2 ball pythons
  8 giant cockroaches
  12 goblins
  7 hobgoblins
  2 jackals (D:5)
  10 bats
  4 frilled lizards
  4 goblin skeletons (D:5)
  34 kobolds
  A kobold skeleton (D:5)
  2 kobold zombies (D:5)
  2 orc skeletons (D:5)
  An orc zombie (D:5)
  6 rats
146 creatures vanquished.

Vanquished Creatures (others)
  29 plants (D:5)
29 creatures vanquished.

Grand Total: 175 creatures vanquished

Notes
Turn   | Place    | Note
-------+----------+-------------------------------------------
     0 | D:1      | pablito the Tengu Air Elementalist began the quest for the
                  | Orb.
     0 | D:1      | Reached XP level 1. HP: 10/10 MP: 4/4
   233 | D:1      | Reached XP level 2. HP: 15/15 MP: 3/6
   554 | D:1      | Reached XP level 3. HP: 19/19 MP: 0/7
   776 | D:1      | Reached skill level 5 in Air Magic
  1134 | D:2      | Found an ornate altar of the Wu Jian Council.
  1412 | D:3      | Noticed a scorpion
  1607 | D:2      | Reached XP level 4. HP: 24/24 MP: 4/8
  1614 | D:2      | Upgraded the game from 0.26-a0-1060-g086102a3f0 to
                  | 0.26-a0-1126-g3318b609a0
  2088 | D:2      | Learned a level 4 spell: Airstrike
  2352 | D:3      | Reached skill level 6 in Air Magic
  2352 | D:3      | Gained mutation: You can fly continuously. [Tengu growth]
  2352 | D:3      | Reached XP level 5. HP: 27/28 MP: 3/9
  3075 | D:3      | Found a faded altar of an unknown god.
  3245 | D:3      | Reached skill level 5 in Conjurations
  3878 | D:4      | Reached XP level 6. HP: 32/32 MP: 4/10
  3879 | D:4      | Noticed a phantom
  3931 | D:4      | HP: 3/32 [phantom (6)]
  4316 | D:4      | Killed a phantom
  4317 | D:4      | Reached skill level 7 in Air Magic
  4766 | D:4      | Reached XP level 7. HP: 36/36 MP: 4/11
  4938 | D:5      | Entered Level 5 of the Dungeon
  5249 | D:5      | Reached skill level 8 in Air Magic
  5763 | D:5      | Found a glowing golden altar of the Shining One.
  5781 | D:5      | Became a worshipper of the Shining One
  6124 | D:5      | Reached skill level 9 in Air Magic
  6124 | D:5      | Reached XP level 8. HP: 30/41 MP: 4/12
  6560 | D:6      | Found a staircase to the Ecumenical Temple.
  6560 | D:6      | Noticed Blork the orc
  6560 | D:6      | Noticed Grinder
  6566 | D:6      | Noticed Menkaure
  6566 | D:6      | The Shining One protects you from harm!
  6587 | D:5      | Paralysed by Grinder for 6 turns
  6596 | D:5      | HP: 3/41 [Grinder (4)]
  6597 | D:5      | Slain by Grinder

Illustrated notes

Levels and vault maps discovered:
D:1:      minmay_arrival_four_houses, layout_loops_cross, minmay_surrounded
D:2:      layout_basic, lemuel_crystal_altar, chequers_serial_rivers_small_3
D:3:      layout_loops_cross, chequers_ecumenical_altar_simple,
          lightli_corner_chamber
D:4:      layout_basic
D:5:      kennysheep_kobold_camp, layout_cave_pods, nicolae_tso_besieged_by_evil
D:6:      layout_basic, minmay_temple_entry_mist, cheibrodos_sewer_entry_drain,
          uniq_pikel, uniq_blork_the_orc, uniq_grinder, uniq_menkaure

Skill      XL: |  1  2  3  4  5  6  7 |
---------------+----------------------+-----
Conjurations   | 2 3 4 5 6 8 |  8.2
Air Magic      | 5 6 7 9 |  9.0
Dodging        | |  2.1
Stealth        | |  2.0
Spellcasting   | |  2.0

Action                   |  1- 3 |  4- 6 |  7- 9 || total
-------------------------+-------+-------+-------++-------
Melee: Unarmed           |    12 |     9 |       ||    21
       Kick              |     6 |     6 |    11 ||    23
       Peck              |     4 |     5 |     6 ||    15
       Falchion          |       |    21 |    38 ||    59
 Cast: Shock             |    77 |   128 |    87 ||   292
 Abil: Fly               |       |     1 |       ||     1
Evoke: Wand              |       |     2 |     5 ||     7
  Use: Scroll            |       |     1 |       ||     1
       Potion            |       |     1 |       ||     1
 Stab: Sleeping          |     1 |       |     1 ||     2
Armor: Robe              |     3 |    16 |     9 ||    28
Dodge: Dodged            |    11 |    25 |    42 ||    78
Block: Other             |       |     8 |    13 ||    21
       Reflection        |       |     1 |     3 ||     4
       Rpst.: Falchion   |       |     3 |     8 ||    11

Table legend: (Time is in decaauts)
 A = Elapsed time spent in this place.
 B = Non-inter-level travel time spent in this place.
 C = Inter-level travel time spent in this place.
 D = Time resting spent in this place.
 E = Time spent auto-exploring this place.
 F = Levels seen in this place.
 G = Mean time per level.
                   A        B        C        D        E       F      G
               +--------+--------+--------+--------+--------+-----+--------+
         Total |   6408 |   6264 |    144 |      0 |   5344 |   6 | 1068.0 |
       Dungeon |   6408 |   6264 |    144 |      0 |   5344 |   6 | 1068.0 |
               +--------+--------+--------+--------+--------+-----+--------+

Top non-repeatable levels by time:
     D:5: 1572 daAuts
     D:3: 1562 daAuts
     D:2: 1212 daAuts
     D:1: 1133 daAuts
     D:4: 920 daAuts
     D:6: 7 daAuts
